 Dungeon Crawl Stone Soup version 0.20.0-3-g22ec75f (webtiles) character file.

45458 IcyS the Peltast (level 14, -4/102 HPs)
             Began as an Octopode Fighter on May 27, 2017.
             Was the Champion of Makhleb.
             Slain by a catoblepas (7 damage)
             ... on level 4 of the Lair of Beasts.
             The game lasted 02:00:03 (25191 turns).

IcyS the Peltast (Octopode Fighter)                Turns: 25191, Time: 02:00:04

Health: -4/102     AC:  1    Str: 15    XL:     14   Next: 33%
Magic:  16/16      EV:  2    Int: 12    God:    Makhleb [******]
Gold:   2420       SH:  0    Dex: 21    Spells: 13/13 levels left

rFire    . . .     SeeInvis +   U - +1 trident (pierce)
rCold    + . .     Gourm    .   t - +3 shield
rNeg     + + +     Faith    +   (helmet restricted)
rPois    ∞         Spirit   .   w - amulet of faith
rElec    .         Reflect  .   l - +2 ring of dexterity
rCorr    .         Harm     .   K - ring of see invisible
MR       +....     NoTele   +   P - ring of stealth
Stlth    +++++.....             a - ring of wizardry
Regen    0.3/turn               u - ring of Bacerr {-Tele rC+ rN+ Int+2 Dex+2}
MPRegen  0.2/turn               (no ring)
                                (no ring)
                                (no ring)

@: petrified
A: almost no armour, stealthy swim, amphibious, 8 rings, constrict 8, camouflage
1, gelatinous body 1
a: Minor Destruction, Lesser Servant of Makhleb, Major Destruction, Greater
Servant of Makhleb, Renounce Religion


You were on level 4 of the Lair of Beasts.
You worshipped Makhleb.
Makhleb was exalted by your worship.
You were hungry.

You visited 3 branches of the dungeon, and saw 16 of its levels.
You also visited: Ossuary and Bailey.

You collected 2633 gold pieces.
You spent 213 gold pieces at shops.

Inventory:

Hand Weapons
 b - the +3 glaive of the Shoals {chop, *Slow Int+4}
   (You found it on level 1 of the Lair of Beasts)

   It inflicts extra damage upon your enemies.
   It affects your intelligence (+4).
   It may slow you when you take damage.
 n - a +1 spear of electrocution
 C - a +2 whip of electrocution
 R - a +0 hunting sling
 U - a +1 trident of piercing (weapon)
Missiles
 j - 153 sling bullets
 p - 257 stones
 s - 2 throwing nets
 v - 37 tomahawks (quivered)
Armour
 t - a +3 shield (worn)
Jewellery
 a - a ring of wizardry (on tentacle)
 l - a +2 ring of dexterity (left tentacle)
 u - the ring of Bacerr (on tentacle) {-Tele rC+ rN+ Int+2 Dex+2}
   (You found it on level 1 of the Lair of Beasts)

   [ring of protection from cold]

   It affects your intelligence (+2).
   It affects your dexterity (+2).
   It protects you from cold.
   It protects you from negative energy.
   It prevents most forms of teleportation.
 w - an amulet of faith (around mantle)
 K - a ring of see invisible (right tentacle)
 P - a ring of stealth (on tentacle)
Wands
 x - a wand of clouds (4/9)
 B - a wand of iceblast (5/15)
 D - a wand of paralysis (24/24)
 L - a wand of confusion (23/48)
 O - a wand of polymorph (6/24)
 V - a wand of acid (7/15)
Scrolls
 e - 4 scrolls of identify
 k - 3 scrolls of teleportation
 r - 3 scrolls of blinking
 y - 10 scrolls of remove curse
 M - 2 scrolls of fog
 S - a scroll of fear
 W - a scroll of enchant weapon
Potions
 c - a potion of resistance
 f - 9 potions of lignification
 g - 5 potions of flight
 q - a potion of brilliance
 F - 2 potions of mutation
 G - 2 potions of curing
 I - a potion of berserk rage {unknown}
 N - 2 potions of magic
 T - a potion of ambrosia
Books
 h - a book of Cantrips

   Spells                             Type                      Level
   a - Confusing Touch                Hexes                        1
   b - Animate Skeleton               Necromancy                   1
   c - Summon Small Mammal            Summoning                    1
   d - Apportation                    Translocation                1
 A - a book of Callings

   Spells                             Type                      Level
   a - Summon Small Mammal            Summoning                    1
   b - Call Imp                       Summoning                    2
   c - Call Canine Familiar           Summoning                    3
   d - Summon Guardian Golem          Hexes/Summoning              3
   e - Summon Lightning Spire         Summoning/Air                4
   f - Summon Ice Beast               Ice/Summoning                4
 E - a book of Maledictions

   Spells                             Type                      Level
   a - Corona                         Hexes                        1
   b - Ensorcelled Hibernation        Hexes/Ice                    2
   c - Confuse                        Hexes                        3
   d - Tukima's Dance                 Hexes                        3
   e - Dazzling Spray                 Conjuration/Hexes            3
 Q - a book of Necromancy

   Spells                             Type                      Level
   a - Pain                           Necromancy                   1
   b - Animate Skeleton               Necromancy                   1
   c - Vampiric Draining              Necromancy                   3
   d - Regeneration                   Charms/Necromancy            3
   e - Animate Dead                   Necromancy                   4
   f - Control Undead                 Necromancy                   4
Comestibles
 d - 9 bread rations
 i - 4 fruits
 m - a royal jelly
 o - 4 meat rations
 z - 6 chunks of flesh


   Skills:
 * Level 11.7 Fighting
 + Level 14.2 Polearms
 * Level 10.1 Dodging
 - Level 4.4 Stealth
 - Level 15.2 Shields
 + Level 3.7 Invocations


You had 13 spell levels left.
You didn't know any spells.

Dungeon Overview and Level Annotations

Branches:
Dungeon (10/15)            Temple (0/1) D:4            Lair (4/6) D:9
  Swamp (0/4) Lair:2        Snake (0/4) Lair:4          Orc (2/2) D:9
    Elf (0/3) Orc:2

Altars:
Cheibriados
Fedhas
Hepliaklqana
Makhleb
Uskayaw
Yredelemnul
Zin
Beogh

Shops:
Orc:2 !((*

Annotations:
Lair:3 exclusion: oklob plant


Innate Abilities, Weirdness & Mutations

You cannot wear most types of armour.
You are very stealthy in the water. (Stealth+)
You are amphibious.
You can wear up to eight rings at the same time.
You can use your tentacles to constrict eight enemies at once.
Your skin changes colour to match your surroundings (Stealth+).
Your rubbery body absorbs attacks. (AC +1, EV +1)


Message History

The catoblepas is lightly wounded.
You are engulfed in calcifying dust.
The catoblepas breathes a plume of calcifying dust at you.
The blast of calcifying dust hits you!
* * * LOW HITPOINT WARNING * * *
You have turned to stone.
The catoblepas gores you!!
* * * LOW HITPOINT WARNING * * *
The catoblepas barely misses you.
The catoblepas breathes a plume of calcifying dust at you.
The blast of calcifying dust hits you!
* * * LOW HITPOINT WARNING * * *
You are engulfed in calcifying dust.
The catoblepas breathes a plume of calcifying dust at you.
The blast of calcifying dust hits you!
* * * LOW HITPOINT WARNING * * *
You are engulfed in calcifying dust.
The catoblepas gores you!
* * * LOW HITPOINT WARNING * * *
You are engulfed in calcifying dust.
The catoblepas gores you!
You die...

#### ###### ####P.###.##..
### #######.#P..........
#.#####P....##[...........
#..:.......§...P..........
##.........................
#...÷.....@....P#..........
#..÷.....Y......#..........
##.####)#.#.###.#..........
### #.÷##### ##.###.####P+
##§.# ### ### ## #.####
####.§..## ######.#.#..#.#
###..##........#.


You could see a catoblepas.

Vanquished Creatures
  An orc warlord (Orc:1)
  3 hydras
  3 two-headed ogres
  2 death yaks (Lair:4)
  An unseen horror (D:10)
  Pikel (D:4)
  11 orc knights
  2 orc sorcerers
  A cyclops (Orc:1)
  4 elephants (Lair:3)
  8 spiny frogs
  9 rime drakes (Lair:4)
  5 komodo dragons
  The ghost of Gitz the Cudgeler, an amateur TrBe of Trog (D:4)
  2 trolls (Orc:1)
  3 blink frogs (Lair:3)
  10 hippogriffs
  4 wyverns (Lair:4)
  42 yaks
  3 basilisks
  Menkaure (D:6)
  3 nagas (Lair:4)
  A soldier ant (D:10)
  6 wargs
  4 water moccasins
  Duvessa (D:7)
  21 porcupines
  A hornet zombie (Ossuary)
  52 orc warriors
  A swamp drake (Lair:2)
  3 ice beasts
  4 slaves (D:4)
  A black bear (D:9)
  2 sky beasts (D:9)
  13 ogres
  2 centaurs
  A big kobold (D:9)
  The ghost of kusayu the Caller, an amateur OpSu of Xom (D:3)
  11 crocodiles
  10 bullfrogs
  5 scorpions
  Dowan (D:7)
  A killer bee (D:6)
  2 jellies
  4 howler monkeys
  2 crimson imps
  5 bullfrog zombies
  A centaur zombie (Ossuary)
  6 hounds
  12 orc priests
  A bullfrog skeleton (D:6)
  5 iguanas
  16 orc wizards
  5 worker ants
  3 hound zombies (Ossuary)
  A hound skeleton (D:9)
  10 mummies (Ossuary)
  3 worker ant zombies (Ossuary)
  8 adders
  7 gnolls
  3 shadow imps
  An ooze (D:1)
  7 adder zombies
  An adder skeleton (D:4)
  3 worms
  4 dart slugs
  5 leopard geckos
  100 orcs
  3 giant cockroaches
  9 goblins
  5 hobgoblins
  4 jackals
  5 quokkas
  9 bats
  4 frilled lizards
  2 giant cockroach zombies (Ossuary)
  3 jackal zombies (Ossuary)
  9 kobolds
  A leopard gecko skeleton (D:4)
  4 leopard gecko zombies (Ossuary)
  A quokka zombie (Ossuary)
  14 rats
550 creatures vanquished.

Vanquished Creatures (collateral kills)
  A water moccasin (Lair:2)
  A porcupine (Lair:2)
2 creatures vanquished.

Vanquished Creatures (others)
  A jackal skeleton (D:4)
  12 fungi
  15 plants
28 creatures vanquished.

Grand Total: 580 creatures vanquished

Notes
Turn   | Place    | Note
-------+----------+-------------------------------------------
     0 | D:1      | IcyS the Octopode Fighter began the quest for the Orb.
     0 | D:1      | Reached XP level 1. HP: 16/16 MP: 1/1
    70 | D:1      | Reached XP level 2. HP: 17/21 MP: 2/2
   509 | D:1      | Reached XP level 3. HP: 26/26 MP: 3/3
  1192 | D:2      | Reached XP level 4. HP: 24/31 MP: 4/4
  1501 | D:3      | Found a burning altar of Makhleb.
  1501 | D:3      | Found a hide-covered altar of Uskayaw.
  1653 | D:3      | Noticed kusayu's ghost (amateur OpSu)
  1707 | D:3      | Killed kusayu's ghost
  1707 | D:3      | Reached XP level 5. HP: 5/36 MP: 5/5
  1981 | D:3      | Became a worshipper of Makhleb the Destroyer
  2463 | D:3      | Reached skill level 5 in Polearms
  2463 | D:3      | Reached XP level 6. HP: 36/43 MP: 6/6
  2473 | D:3      | Reached skill level 4 in Shields
  2576 | D:3      | Found a blossoming altar of Fedhas.
  2595 | D:3      | Reached * piety under Makhleb
  3435 | D:4      | Noticed Pikel
  3435 | D:4      | Noticed a slave
  3435 | D:4      | Noticed a slave
  3435 | D:4      | Noticed a slave
  3435 | D:4      | Noticed a slave
  3463 | D:4      | Killed a slave
  3542 | D:4      | Noticed Gitz's ghost (amateur TrBe)
  3966 | D:5      | Entered Level 5 of the Dungeon
  3981 | D:4      | Reached XP level 7. HP: 38/48 MP: 7/7
  4380 | D:4      | Killed Gitz's ghost
  4780 | D:4      | Found a staircase to the Ecumenical Temple.
  5044 | D:4      | Reached skill level 5 in Shields
  5321 | D:5      | Reached XP level 8. HP: 41/54 MP: 8/8
  5588 | D:5      | Reached skill level 5 in Fighting
  6407 | D:5      | Found a glowing silver altar of Zin.
  6493 | D:4      | Killed Pikel
  6493 | D:4      | Reached skill level 6 in Shields
  6597 | D:6      | Reached XP level 9. HP: 62/62 MP: 9/9
  6610 | D:6      | Reached ** piety under Makhleb
  7023 | D:6      | Noticed Menkaure
  7036 | D:6      | Killed Menkaure
  7579 | D:7      | Noticed Dowan
  7585 | D:7      | Noticed Duvessa
  7589 | D:7      | Killed Dowan
  7606 | D:7      | Killed Duvessa
  7838 | D:7      | Found a sand-covered staircase.
  7902 | Ossuary  | Entered an ossuary
  7992 | Ossuary  | Reached *** piety under Makhleb
  8205 | Ossuary  | Reached skill level 7 in Shields
  8777 | D:7      | Reached skill level 10 in Polearms
  8777 | D:7      | Reached XP level 10. HP: 52/71 MP: 10/10
  9904 | D:9      | Found a flagged portal.
  9924 | Bailey   | Entered a bailey
  9924 | Bailey   | Noticed an orc knight
  9972 | Bailey   | Killed an orc knight
  9972 | Bailey   | Reached skill level 1 in Stealth
 10472 | Bailey   | Reached skill level 5 in Dodging
 10821 | Bailey   | Noticed an orc knight
 11028 | Bailey   | Killed an orc knight
 11028 | Bailey   | Reached skill level 8 in Shields
 11491 | D:9      | Found a hazy altar of Hepliaklqana.
 11563 | D:9      | Reached skill level 9 in Shields
 11563 | D:9      | Reached XP level 11. HP: 77/77 MP: 11/11
 11596 | D:9      | Reached skill level 10 in Shields
 11625 | D:9      | Reached **** piety under Makhleb
 11687 | D:9      | Reached skill level 11 in Shields
 12095 | D:9      | Found a staircase to the Orcish Mines.
 12146 | D:9      | Reached skill level 12 in Shields
 12216 | D:9      | Found a basalt altar of Yredelemnul.
 12313 | D:9      | Found a staircase to the Lair.
 12317 | D:9      | Found a snail-covered altar of Cheibriados.
 12634 | D:9      | Noticed a two-headed ogre
 12682 | D:9      | Killed a two-headed ogre
 12682 | D:9      | Reached skill level 13 in Shields
 12762 | D:10     | Entered Level 10 of the Dungeon
 12791 | D:10     | Noticed a two-headed ogre
 12803 | D:10     | Killed a two-headed ogre
 12951 | D:10     | Reached skill level 14 in Shields
 12962 | D:10     | Reached ***** piety under Makhleb
 13006 | D:10     | Noticed a two-headed ogre
 13030 | D:10     | Killed a two-headed ogre
 13091 | D:10     | Noticed an unseen horror
 13120 | D:10     | Killed an unseen horror
 13120 | D:10     | Reached skill level 15 in Shields
 13480 | D:10     | Reached XP level 12. HP: 39/82 MP: 12/12
 13914 | Orc:1    | Entered Level 1 of the Orcish Mines
 14000 | Orc:1    | Found a roughly hewn altar of Beogh.
 14466 | Orc:1    | Noticed an orc warlord
 14989 | Orc:2    | Entered Level 2 of the Orcish Mines
 15193 | Orc:2    | Paralysed by an orc sorcerer for 3 turns
 15201 | Orc:2    | Noticed a sun demon
 15736 | Orc:1    | Reached ****** piety under Makhleb
 15827 | Orc:1    | Reached skill level 1 in Invocations
 18032 | Orc:1    | Reached XP level 13. HP: 90/90 MP: 14/14
 18321 | Orc:2    | Found Ceen Keo's Distillery.
 18321 | Orc:2    | Found Zaboergha's Weapon Shoppe.
 18636 | Orc:2    | Found a roughly hewn altar of Beogh.
 18713 | Orc:2    | Found a staircase to the Elven Halls.
 18873 | Orc:2    | Found Taginot's Antique Weapon Shop.
 18873 | Orc:2    | Found Isus's Assorted Antiques.
 18887 | Orc:2    | Bought a small coral ring for 135 gold pieces
 18889 | Orc:2    | Bought a smoky golden potion for 24 gold pieces
 18889 | Orc:2    | Bought a scroll labeled RAOJEE QELE for 27 gold pieces
 18889 | Orc:2    | Bought a scroll labeled IRAFUEN JINO for 27 gold pieces
 18982 | Lair:1   | Entered Level 1 of the Lair of Beasts
 19404 | Lair:1   | Reached skill level 10 in Fighting
 19658 | Lair:1   | Got a bound bronze ring
 19659 | Lair:1   | Identified the ring of Bacerr {-Tele rC+ rN+ Int+2 Dex+2} (You found it on level 1 of the Lair of Beasts)
 19870 | Lair:1   | You fall through a shaft!
 19874 | Lair:2   | Found a staircase to the Swamp.
 21842 | Lair:1   | Got a faintly glowing glaive
 22546 | Lair:1   | Identified the +3 glaive of the Shoals {chop, *Slow Int+4} (You found it on level 1 of the Lair of Beasts)
 22734 | Orc:1    | Killed an orc warlord
 23609 | Lair:3   | Reached XP level 14. HP: 101/101 MP: 15/15
 24802 | Lair:4   | Reached skill level 10 in Dodging
 25104 | Lair:4   | Found a staircase to the Snake Pit.
 25190 | Lair:4   | HP: 3/102 [catoblepas (5)]
 25191 | Lair:4   | Slain by a catoblepas

Skill      XL: |  1  2  3  4  5  6  7  8  9 10 11 12 13 14 |
---------------+-------------------------------------------+-----
Polearms       | 3 4 5 6 8 10 11 12 14 | 14.2
Shields        | 4 5 6 7 9 15 | 15.2
Fighting       | 4 6 7 8 9 11 | 11.7
Dodging        | 4 5 7 9 10 | 10.1
Stealth        | 3 4 |  4.4
Invocations    | 2 3 |  3.7

Action                   |  1- 3 |  4- 6 |  7- 9 | 10-12 | 13-15 || total
-------------------------+-------+-------+-------+-------+-------++-------
Melee: Trident           |    80 |   148 |    73 |   283 |   827 ||  1411
       Constrict         |    16 |    33 |    85 |   127 |    35 ||   296
       Tentacles         |     5 |    24 |    99 |   276 |   231 ||   635
       Spear             |       |       |   381 |   998 |       ||  1379
       Whip              |       |       |     3 |       |       ||     3
Throw: Tomahawk          |       |       |       |    10 |    18 ||    28
       Throwing net      |       |       |       |     1 |       ||     1
Invok: Minor Destruction |       |       |       |       |     5 ||     5
  Use: Potion            |       |     1 |     7 |       |    10 ||    18
       Scroll            |       |     6 |    13 |     1 |     9 ||    29
 Stab: Sleeping          |    13 |     7 |     6 |    15 |    19 ||    60
       Distracted        |       |     2 |     3 |     4 |     7 ||    16
  Eat: Chunk             |       |    10 |    13 |    26 |    18 ||    67
       Fruit             |       |       |     1 |     1 |       ||     2
       Royal jelly       |       |       |       |     2 |       ||     2
       Meat ration       |       |       |       |       |     1 ||     1
Armor: Skin              |     2 |     3 |     5 |     2 |     3 ||    15
Dodge: Dodged            |    14 |    45 |    66 |   171 |   162 ||   458
Block: Shield            |    19 |    52 |   139 |   394 |   295 ||   899
